 Dungeon Crawl Stone Soup version 0.28-a0-723-g095bd1b44f (webtiles) character file.

Game seed: 16097899223429892446

0 meatgazer the Skirmisher (level 1, 0/15 HPs)
             Began as a Draconian Abyssal Knight on Oct 25, 2021.
             Was a Follower of Lugonu.
             Killed from afar by a wretched star (15 damage)
             ... with a lance of force
             ... on level 1 of the Abyss.
             The game lasted 00:00:14 (286 turns).

meatgazer the Skirmisher (Draconian Abyssal Knight)  Turns: 286, Time: 00:00:15

Health: 0/15       AC:  4    Str: 15    XL:     1   Next: 0%
Magic:  2/2        EV: 12    Int: 10    God:    Lugonu [*.....]
Gold:   0          SH:  0    Dex: 11    Spells: 0/0 levels left

rFire   . . .      SeeInvis .   a - +1 spear
rCold   . . .      Faith    .   (no shield)
rNeg    . . .      Spirit   .   (armour unavailable)
rPois   .          Reflect  .   (helmet restricted)
rElec   .          Harm     .   (no cloak)
rCorr   .          Rampage  .   (no gloves)
Will    .....                   (no boots)
Stlth   +.........              (no amulet)
HPRegen 0.05/turn               (no ring)
MPRegen 0.08/turn               (no ring)

@: no status effects
A: AC +4, unfitting armour, cold-blooded, [deterioration 2], [frail 2], [low mp
2], [inability to read while threatened]
a: Renounce Religion, Depart the Abyss


You were on level 1 of the Abyss.
You worshipped Lugonu.
Lugonu was aware of your devotion.
You visited 0 branches of the dungeon, and saw 0 of its levels.
You visited the Abyss 1 time.

Inventory:

Hand Weapons
 a - a +1 spear (weapon)
Scrolls
 b - a scroll of identify {unknown}
Potions
 c - a potion of invisibility {unknown}


   Skills:
 + Level 3.2 Fighting
 + Level 2.0 Polearms
 + Level 2.1 Dodging
 + Level 2.0 Invocations


You couldn't memorise any spells.
You didn't know any spells.
Your spell library was empty.

Dungeon Overview and Level Annotations

Branches:
Dungeon (0/15)

Altars:


Innate Abilities, Weirdness & Mutations

Your plain brown scales are hard. (AC +4)
You cannot fit into any form of body armour.
You are cold-blooded and may be slowed by cold attacks.
[Your body often deteriorates upon taking damage.]
[You are very frail. (-20% HP)]
[Your magical capacity is very low. (-20% MP)]
[You sometimes lose the ability to read scrolls when taking damage.]


Message History

You hit the wretched star but do no damage.
You tail-slap the wretched star, but do no damage.
The wretched star pulses with an eldritch light!
You lose the ability to read scrolls when threatened.
You hit the wretched star. You tail-slap the wretched star.
The wretched star is lightly damaged.
The wretched star pulses with an eldritch light!
You feel yourself wasting away.
You feel your body start to fall apart.
You hit the wretched star but do no damage.
The wretched star is lightly damaged.
You hit the wretched star.
You tail-slap the wretched star, but do no damage.
The wretched star is lightly damaged.
The wretched star pulses with an eldritch light!
You feel frail. x2
You closely miss the wretched star.
The wretched star is lightly damaged.
You hit the wretched star.
The wretched star is lightly damaged.
You hit the wretched star but do no damage.
The wretched star is lightly damaged.
You hit the wretched star but do no damage.
You tail-slap the wretched star, but do no damage.
The wretched star is lightly damaged.
You hit the wretched star.
The wretched star is lightly damaged.
You hit the wretched star but do no damage.
The wretched star is lightly damaged.
You hit the wretched star but do no damage.
The wretched star is lightly damaged.
The wretched star pulses with an eldritch light!
You feel less energetic. x2
You hit the wretched star but do no damage.
The wretched star is lightly damaged.
You hit the wretched star but do no damage.
The wretched star is lightly damaged.
The wretched star glows turbulently.
The lance of force hits you!
Ouch! That really hurt!
You die...

. #.# ####
.#.. . #
#..# .## #
..# #... #
..## # # #
#####..#
.#.. ..
.#...#
.#..###
.###@# ...
.....#.(#*#
..##
..##..##...
## ....#.#
##...
#.###. ..
###.. .#.
.### # # .#
.. # #. #.


You could see a wretched star.

Vanquished Creatures
  A lurking horror (Abyss:1)
1 creature vanquished.

Notes
Turn   | Place    | Note
-------+----------+-------------------------------------------
     0 | Abyss:1  | meatgazer the Draconian Abyssal Knight began the quest for
                  | the Orb.
     0 | Abyss:1  | Reached XP level 1. HP: 19/19 MP: 2/2
    24 | Abyss:1  | Found a corrupted altar of Lugonu.
   121 | Abyss:1  | Found a corrupted altar of Lugonu.
   271 | Abyss:1  | Noticed a wretched star
   286 | Abyss:1  | Killed from afar by a wretched star

Illustrated notes

Levels and vault maps discovered:
Abyss:1:  base: Temple, base: Temple, minivault_1

Action                   || total
-------------------------++-------
Melee: Spear             ||    16
       Tailslap          ||     4

Table legend: (Time is in decaauts)
 A = Elapsed time spent in this place.
 B = Non-inter-level travel time spent in this place.
 C = Inter-level travel time spent in this place.
 D = Time resting spent in this place.
 E = Time spent auto-exploring this place.
 F = Levels seen in this place.
 G = Mean time per level.
                   A        B        C        D        E       F      G
               +--------+--------+--------+--------+--------+-----+--------+
         Total |    286 |    286 |      0 |      0 |    259 |   1 |  286.0 |
         Abyss |    286 |    286 |      0 |      0 |    259 |   1 |  286.0 |
               +--------+--------+--------+--------+--------+-----+--------+

Top non-repeatable levels by time:
 Abyss:1: 286 daAuts
